← All builds
Tech / Armada / Economy first / OBSERVED BUILD

Standard tech

Armada Tech (Eco) build order · Supreme Isthmus

Rushes T2 factory and T2 constructor early, upgrades team mexes, and supplies the team with T2 constructors while transitioning into eco and defensive units.

Usually first T2 con to Geo (82%)

#t2 #eco #team support · 1791 distinct matches · 273 players · 60% of Armada Tech games · team won 54% of 2118 · Recently observed

HOW TO PLAY IT

Key timing: T2 factory by 4:15

  1. Open 3 mex and heavy wind to fund a fast T2 rush.
  2. Put down Bot Lab, planning to eat it for reclaim soon after.
  3. Get Advanced Bot Lab up, hitting the T2 factory rush timing.
  4. Upgrade mex to Advanced Metal Extractor to lock in team metal income.
  5. Eat Advanced Bot Lab and keep sending cons to Geo and Pond.

Phase by phase

TYPICAL OF ITS 1791 GAMES
  1. 1
  2. 2
  3. 3
  4. 4
PLAY THE OPENING

Follow the example game's first 6:00 step by step: what to build now, what comes next, and where it goes. At 1× it keeps pace with your own game.

  1. 1

    Up to the Bot Lab

    Economy
    • Metal Extractor3Mex
    • Wind Turbine4Wind
    Order
    1. Bot LabBot Lab after 3 mex, 4 winddone ~1:18, middle half 1:13–1:32

    Some games also: energy storage (32%)

    By 1:01 in all: 3 mex · 4 wind

    The example game in this phase · 3 steps
    1. Mex ×3
    2. Wind ×3for Beach sea
    3. Bot LabBot Labdone 1:09 · typical 1:18
  2. 2

    Bot Lab to Advanced Bot Lab

    Economy
    • Metal Extractor1Mex
    • Wind Turbine8Wind
    • Energy Storage1Energy storage
    Order
    1. Advanced Bot LabAdvanced Bot Lab after 4 mex, 12 wind, 3 con turretdone ~4:16, middle half 4:04–4:30
    Builders
    • Construction Turret3 Con turret
    • Lazarus3 Lazarus
    • Construction Bot2 Con bot
    • Construction Bot1 Con bot for allies

    Some games also: converter (36%)

    By 3:18 in all: 4 mex · 12 wind · 1 energy storage · 3 con turret

    The example game in this phase · 13 steps
    1. Windfor Beach sea
    2. LazarusLazarusfor Beach sea
    3. LazarusLazarus
    4. LazarusLazarusfor Beach sea
    5. Construction BotCon bot ×4for Beach sea
    6. Con turretfor Beach sea
    7. Wind ×2for Beach sea
    8. Mex
    9. Wind ×2for Beach sea
    10. Con turretfor Beach sea
    11. Energy storagefor Beach sea
    12. Advanced Bot LabAdvanced Bot Labfor Beach seadone 3:43 · typical 4:16
    13. Bot LabEat Bot Labreclaimed for its metal
  3. 3

    Advanced Bot Lab to 5:00

    Economy
    • Wind Turbine3Wind
    Order
    1. Bot LabEat Bot Lab
    Builders
    • Advanced Construction Bot1 T2 con bot for allies

    Some games also: converter (35%)

    By 5:00 in all: 4 mex · 15 wind · 1 converter · 1 energy storage · 3 con turret

    The example game in this phase · 3 steps
    1. Advanced Construction BotT2 con botfor Geo
    2. Advanced Metal ExtractorT2 mex ×2for Beach seadone 4:25 · typical 5:28
    3. Advanced Construction BotT2 con botfor Air
  4. 4

    5:00 to 10:00

    Economy
    • Wind Turbine43Wind
    • Energy Converter6Converter
    Builders
    • Butler9 Butler
    • Advanced Construction Bot4 T2 con bot for allies
    • Advanced Construction Bot1 T2 con bot

    Some games also: con turret (42%) · Butler for allies (36%)

    By 10:00 in all: 4 mex · 59 wind · 8 converter · 1 energy storage · 3 con turret

    The example game in this phase · 196 steps
    1. Advanced Metal ExtractorT2 mexfor Beach sea
    2. Advanced Construction BotT2 con botfor Pond
    3. Wind ×3for Beach sea
    4. Advanced Metal ExtractorT2 mexfor Beach sea
    5. Advanced Construction BotT2 con botfor Beach sea
    6. Wind ×2for Beach sea
    7. ButlerButlerfor Beach sea
    8. Windfor Beach sea
    9. ButlerButlerfor Beach sea
    10. Windfor Beach sea
    11. ButlerButlerfor Beach sea
    12. Advanced Construction BotT2 con botfor Geo sea
    13. Wind ×2for Beach sea
    14. ButlerButlerfor Beach sea
    15. Wind ×3for Beach sea
    16. ButlerButlerfor Beach sea
    17. Wind ×4for Beach sea
    18. ButlerButlerfor Beach sea
    19. Wind ×2for Beach sea
    20. ButlerButler
    21. Wind ×3for Beach sea
    22. ButlerButler
    23. Wind ×3for Beach sea
    24. ButlerButler
    25. Wind ×4for Beach sea
    26. Advanced Construction BotT2 con botfor Beach sea
    27. Wind ×4for Beach sea
    28. Converter
    29. Wind ×6for Beach sea
    30. Converter
    31. Wind ×2for Beach sea
    32. ButlerButler
    33. Wind ×2for Beach sea
    34. Converter
    35. Wind ×2for Beach sea
    36. ButlerButler
    37. Wind ×2for Beach sea
    38. Converter
    39. Wind ×3for Beach sea
    40. Converter
    41. Windfor Beach sea
    42. ButlerButler
    43. Wind ×3for Beach sea
    44. Converter
    45. Wind ×2for Beach sea
    46. ButlerButlerfor Beach sea
    47. Wind
    48. Converter
    49. Windfor Beach sea
    50. RattlesnakeRattlesnakefor Beach seadone 10:30
    51. Wind ×2for Beach sea
    52. Converter
    53. Wind ×2for Beach sea
    54. ButlerButlerfor Beach sea
    55. Wind
    56. Converter
    57. Wind ×3for Beach sea
    58. Converter
    59. Wind ×2for Beach sea
    60. ButlerButlerfor Beach sea
    61. Converter
    62. Wind
    63. Wind ×2for Beach sea
    64. Converter
    65. Windfor Beach sea
    66. ButlerButlerfor Beach sea
    67. Wind
    68. Windfor Beach sea
    69. Converter
    70. Wind ×2for Beach sea
    71. Wind
    72. Windfor Beach sea
    73. ButlerButlerfor Beach sea
    74. Windfor Beach sea
    75. Wind
    76. Converter
    77. Wind ×3for Beach sea
    78. Wind
    79. ButlerButlerfor Beach sea
    80. Wind ×2for Beach sea
    81. Converter
    82. Windfor Beach sea
    83. Wind
    84. Wind ×3for Beach sea
    85. Wind
    86. Converter
    87. Wind ×3for Beach sea
    88. Wind
    89. Wind ×2for Beach sea
    90. Converter
    91. Windfor Beach sea
    92. Wind
    93. Windfor Beach sea
    94. Converter
    95. Wind ×2for Beach sea
    96. Converter
    97. Wind
    98. Windfor Beach sea
    99. Con turretfor Beach sea
    100. Windfor Beach sea
    101. Converterfor Beach sea
    102. Converter
    103. Windfor Beach sea
    104. Converter
    105. Converterfor Beach sea
    106. Wind ×2for Beach sea
    107. Wind
    108. Wind ×2for Beach sea
    109. Converter
    110. Windfor Beach sea
    111. Wind
    112. Windfor Beach sea
    113. Converterfor Beach sea
    114. Wind ×2for Beach sea
    115. Wind
    116. Windfor Beach sea
    117. Converter
    118. Windfor Beach sea
    119. Converterfor Beach sea
    120. Windfor Beach sea
    121. Wind
    122. RattlesnakeRattlesnakefor Beach sea
    123. Wind ×2for Beach sea
    124. Converter
    125. Windfor Beach sea
    126. Wind
    127. Converterfor Beach sea
    128. Windfor Beach sea
    129. UmbrellaAnti-nukefor Beach seadone 12:14
    130. Wind ×2for Beach sea
    131. Converter
    132. Converterfor Beach sea
    133. Wind ×2for Beach sea
    134. Converter
    135. Windfor Beach sea
    136. Wind
    137. Converterfor Beach sea
    138. Converter
    139. Wind ×3for Beach sea
    140. Converterfor Beach sea
    141. Converter
    142. Wind
    143. Windfor Beach sea
    144. Converterfor Beach sea
    145. Wind ×2for Beach sea
    146. Converter
    147. Windfor Beach sea
    148. Converterfor Beach sea
    149. Windfor Beach sea
    150. Converter
    151. Windfor Beach sea
    152. Wind
    153. Converterfor Beach sea
    154. Windfor Beach sea
    155. Converter
    156. Wind ×3for Beach sea
    157. Converterfor Beach sea
    158. Windfor Beach sea
    159. Wind
    160. Converter
    161. Wind
    162. Windfor Beach sea
    163. Wind
    164. Windfor Beach sea
    165. Converterfor Beach sea
    166. Windfor Beach sea
    167. Wind
    168. Converter
    169. Wind ×2for Beach sea
    170. Wind
    171. Windfor Beach sea
    172. Converterfor Beach sea
    173. Converter
    174. Windfor Beach sea
    175. Wind
    176. Windfor Beach sea
    177. NettleNettlefor Beach sea
    178. Converterfor Beach sea
    179. Windfor Beach sea
    180. Wind
    181. Converter
    182. Windfor Beach sea
    183. CompassRadar botfor Beach sea
    184. Windfor Beach sea
    185. Wind
    186. NettleNettlefor Beach sea
    187. Windfor Beach sea
    188. Converterfor Beach sea
    189. Wind
    190. Wind ×3for Beach sea
    191. Converterfor Beach sea
    192. Windfor Beach sea
    193. Advanced Construction BotT2 con botfor Beach sea
    194. Wind ×2for Beach sea
    195. Converterfor Beach sea
    196. Wind ×2for Beach sea

Counts are medians over the build's games: half of them build more, half fewer. The example game is DonGarillo's (32 OS, 16/10/2026); pick another.

Team trades

IN AT LEAST 30% OF ITS GAMES

You hand over

  • Construction Bot1 Con bot to Airfirst at 2:23 · in 83% of games
  • Advanced Construction Bot5 T2 con bot to Air or Geo sea or Pondfirst at 4:51 · in 99% of games
  • Butler2 Butler to Geo sea or Beach sea or Pondfirst at 9:06 · in 42% of games

You get

  • Hercules1 Light transport from Airfirst at 4:01 · in 86% of games

How it plays out

Typical game of this build, running totals by minute

Metal produced

020k40k
0:005:0010:0015:00

metal

Enemy metal destroyed

050100
0:005:0010:0015:00

metal

Own metal lost

050100150
0:005:0010:0015:00

metal

2118 games.

Show as table
ByMetal produced: This buildEnemy metal destroyed: This buildOwn metal lost: This build
1:0038300
2:0091500
3:00165600
4:00314900
5:00484700
6:00580700
7:00724800
8:00908800
9:001121700
10:001354500
11:001626000
12:001968100
13:002346900
14:0027368074
15:003159092130
WHAT THE NUMBERS SAY

Standard Tech play barely fights at all early, instead pouring metal into T2 infrastructure and constructors for the team.

  • + Metal produced hits 31679 by 15:00, by far the highest of any role here.
  • + T2 factory reached in 97% of games by 4:15, fastest and most reliable T2 timing.
  • − Enemy metal destroyed stays at 0 through 10:00, no early offense at all.
  • − Own metal lost also near 0, showing total avoidance of combat risk.
THE EXAMPLE YOU ARE READING

DonGarillo

31.8 OS · 16/10/2026

Open source match ↗

2 received units
2854 metal received · 58183 energy received

Allied construction assistance is unknown. Timings are observations, not a promise of solo reproducibility.

Typical milestones

Bot Lab1:18Middle 50%: 1:13–1:32 · n=2118
Advanced Bot Lab4:16Middle 50%: 4:04–4:30 · n=2111
Advanced Metal Extractor5:28Middle 50%: 5:05–5:58 · n=2114

Played most by

Amrissa97games of this buildTheGeneraI70games of this buildAdeus62games of this buildUncle_Cane60games of this buildCrouxy54games of this build
Standard tech · Armada Tech (Eco) build order · BAR Build Atlas